 Dungeon Crawl Stone Soup version 0.25-a0-424-g80bd347ae0 (webtiles) character file.

Game seed: 7743765068881559108, levelgen mode: deterministic

12346 Lugonue the Thaumaturge (level 11, -2/84 HPs)
             Began as a Demonspawn Necromancer on Jan 20, 2020.
             Was a Priest of Ashenzari.
             Slain by an alligator simulacrum (8 damage)
             ... in an ice cave.
             The game lasted 01:27:23 (11884 turns).

Lugonue the Thaumaturge (Demonspawn Necromancer)   Turns: 11884, Time: 01:27:25

Health: -2/84      AC: 15    Str: 14    XL:     11   Next: 61%
Magic:  14/24      EV: 14    Int: 18    God:    Ashenzari [***...]
Gold:   810        SH:  0    Dex: 13    Spells: 9/28 levels left

rFire    . . .     SeeInvis +   a - +0 scimitar (flame)
rCold    + + .     Gourm    .   (no shield)
rNeg     . . .     Faith    .   q - +5 ring mail of Pragmatism {*Corrode rC++ Str+3}
rPois    +         Spirit   .   (helmet restricted)
rElec    .         Reflect  .   (no cloak)
rCorr    .         Harm     .   B - +0 pair of gloves (curse)
MR       .....                  g - +2 pair of boots (curse)
Stlth    ++........             h - amulet of rage
HPRegen  0.24/turn              d - ring of wizardry
MPRegen  0.19/turn              u - ring of poison resistance

@: very slightly contaminated
A: horns 1, spiny 2, rot immunity
a: Curse Item, Scrying, Renounce Religion, Evoke Berserk Rage


You were in an ice cave.
You worshipped Ashenzari.
Ashenzari was most pleased with you.
You were not hungry.

You visited 2 branches of the dungeon, and saw 14 of its levels.
You also visited: Ice Cave.

You collected 810 gold pieces.

Inventory:

Hand Weapons
 a - a +0 scimitar of flaming (weapon)
 b - a +2 dagger of protection
 f - a +0 short sword of protection
 m - a +0 rapier
Armour
 g - a cursed +2 pair of boots (worn)
 q - the +5 ring mail of Pragmatism (worn) {*Corrode rC++ Str+3}
   (You found it on level 5 of the Dungeon)

   It affects your strength (+3).
   It greatly protects you from cold.
   It may corrode you when you take damage.
 B - a cursed +0 pair of gloves (worn)
Magical Staves
 j - an uncursed staff of summoning
Jewellery
 d - a ring of wizardry (left hand)
 e - an uncursed ring of magical power
 h - an amulet of rage (around neck)
 l - an uncursed ring of ice
 r - an uncursed ring of flight
 u - a ring of poison resistance (right hand)
 z - an uncursed ring of resist corrosion
Wands
 i - a wand of enslavement (14)
 k - a wand of polymorph (14)
 t - a wand of iceblast (6)
 x - a wand of random effects (14)
 y - a wand of digging (7)
 C - a wand of flame (16)
 F - a wand of scattershot (6)
Scrolls
 v - 7 scrolls of teleportation
 D - a scroll of amnesia
 E - 5 scrolls of identify
Potions
 n - 2 potions of lignification
 o - a potion of heal wounds
 p - 3 potions of might
 s - a potion of resistance
 w - a potion of brilliance {unknown}
 A - a potion of berserk rage
 G - 2 potions of curing
Comestibles
 c - 15 rations
 H - 4 chunks of flesh


   Skills:
 * Level 7.0 Fighting
 + Level 5.6 Short Blades
 + Level 0.7(3.5) Long Blades
 + Level 4.7 Armour
 * Level 7.3 Dodging
 + Level 3.4 Stealth
 + Level 9.4 Spellcasting
 + Level 2.8 Conjurations
 - Level 7.0 Necromancy
 + Level 2.1 Translocations
 + Level 2.2 Air Magic
 + Level 2.3 Poison Magic
 + Level 2.0 Evocations


You had 9 spell levels left.
You knew the following spells:

 Your Spells              Type           Power        Failure   Level  Hunger
a - Pain                  Necr           ####         1%          1    None
b - Animate Skeleton      Necr           N/A          1%          1    None
c - Vampiric Draining     Necr           ####......   1%          3    None
d - Animate Dead          Necr           N/A          3%          4    ###....
e - Mephitic Cloud        Conj/Pois/Air  ###.....     7%          3    None
f - Blink                 Tloc           N/A          4%          2    None
g - Agony                 Necr           ####....     11%         5    #####..

Your spell library contained the following spells:

 Spells                   Type           Power        Failure   Level  Hunger
 Magic Dart               Conj           ###.         1%          1    None
 Shock                    Conj/Air       ###.         2%          1    None
 Sting                    Tmut/Pois      ##..         4%          1    None
 Poisonous Vapours        Pois/Air       ###...       4%          2    None
 Swiftness                Chrm/Air       ##......     6%          2    None
 Static Discharge         Conj/Air       ###.....     7%          3    None
 Call Imp                 Summ           #.......     10%         2    None
 Slow                     Hex            #.......     10%         2    None
 Conjure Flame            Conj/Fire      ##......     11%         3    None
 Ignite Poison            Fire/Tmut/Pois ##......     14%         3    None
 Olgreb's Toxic Radiance  Pois           ###.....     24%         4    ###....
 Airstrike                Air            ###.......   26%         4    ###....
 Lightning Bolt           Conj/Air       ###.......   50%         5    #####..


Dungeon Overview and Level Annotations

Branches:
Dungeon (11/15)            Temple (0/1) D:6            Lair (3/6) D:11
  IceCv (1/1)
  Swamp: Lair:2-4    Shoals: Lair:2-4     Snake: Lair:2-4    Spider: Lair:2-4
    Orc: D:9-12

Altars:
Ashenzari
Elyvilon
Gozag
Makhleb
Qazlal
Ru
Sif Muna

Portals:
Abyss: D:3
Trove: D:10 (give +2 gold dragon scales)

Annotations:
D:3 2 transporters, Esekla's ghost, amateur HuAE
D:7 Joseph
D:11 exclusion: statue


Innate Abilities, Weirdness & Mutations

You have a pair of small horns on your head.
You are mostly covered in sharp spines.
You are immune to rotting.


Message History

The alligator simulacrum closely misses you.
You riposte.
You slash the alligator simulacrum!
You melt the alligator simulacrum.
The alligator simulacrum is severely damaged.
The alligator simulacrum closely misses you.
You barely miss the alligator simulacrum.
The alligator simulacrum is severely damaged.
The alligator simulacrum bites you!
* * * LOW HITPOINT WARNING * * *
The alligator simulacrum freezes you! You resist.
* * * LOW HITPOINT WARNING * * *
The alligator simulacrum tail-slaps you but does no damage.
Casting: Animate Dead (safe; 3% risk of failure)
Confirm with . or Enter, or press ? or * to list all spells.
You miscast Blink.
You are very lightly contaminated with residual magic.
You spin around.
The alligator simulacrum bites you.
* * * LOW HITPOINT WARNING * * *
The alligator simulacrum freezes you! You resist.
You die...

* * * ≈ ≈≈≈ ,
* * ≈ ≈≈≈ ≈≈
≈ ≈ ≈≈ * * ≈
≈≈*#### * , *
≈*##..## . *
###....## *
...##.......#
#.....Z.∩.∩.#
*
#.....@....#
,
##..##....##
##* ##..## *
#### , ,


You could see an alligator simulacrum.

Vanquished Creatures
  Erica (D:9)
  2 two-headed ogres
  A cyclops (D:11)
  7 spiny frogs
  2 komodo dragons
  A rime drake (Lair:3)
  A troll (D:11)
  A hornet (D:9)
  4 blink frogs (Lair:2)
  4 hippogriffs
  A wyvern (D:10)
  3 yaks
  3 water moccasins
  An orc warrior (D:8)
  2 porcupines
  2 sky beasts (D:11)
  A black bear (D:2)
  7 ice beasts
  6 ogres
  3 centaurs
  4 crocodiles
  A big kobold (D:9)
  6 bullfrogs
  2 scorpions
  An elephant simulacrum (IceCv)
  A wight (D:11)
  6 killer bees
  A howler monkey (D:9)
  2 bullfrog zombies (D:8)
  A centaur skeleton (D:6)
  2 jellies (D:11)
  2 orc priests (D:5)
  4 hounds
  4 iguanas
  3 orc wizards
  9 worker ants
  A polar bear simulacrum (IceCv)
  A wolf simulacrum (IceCv)
  2 hound zombies
  A hound skeleton (D:11)
  A worker ant zombie (D:6)
  A gnoll (D:4)
  8 adders
  2 shadow imps
  An adder skeleton (D:6)
  A worm (D:2)
  2 dart slugs
  4 leopard geckos
  21 orcs
  A giant cockroach (D:4)
  5 goblins
  8 hobgoblins
  17 jackals
  3 quokkas
  6 bats
  3 frilled lizards
  A jackal skeleton (D:5)
  12 kobolds
  A leopard gecko skeleton (D:8)
  A leopard gecko zombie (D:5)
  7 rats
213 creatures vanquished.

Vanquished Creatures (collateral kills)
  3 yaks (Lair:2)
  7 ice beasts
  An eye of draining (D:10)
  A centaur (D:9)
  4 wights (D:11)
  4 killer bees
  A howler monkey (D:10)
  An orc priest (D:7)
  An orc wizard (D:7)
  A worker ant (D:10)
  2 gnolls (D:4)
  An adder zombie (D:7)
  A dart slug (D:2)
  9 orcs
  A hobgoblin (D:3)
  2 jackals (D:6)
  2 bats
  A frilled lizard (D:3)
  A kobold (D:3)
44 creatures vanquished.

Vanquished Creatures (others)
  A yak (Lair:3)
  A killer bee (D:7)
  An iguana (D:5)
  3 fungi
  8 plants
14 creatures vanquished.

Grand Total: 271 creatures vanquished

Notes
Turn   | Place    | Note
-------+----------+-------------------------------------------
     0 | D:1      | Lugonue the Demonspawn Necromancer began the quest for the
                  | Orb.
     0 | D:1      | Reached XP level 1. HP: 13/13 MP: 3/3
   411 | D:1      | Gained mutation: You have a pair of small horns on your
                  | head. [demonic ancestry]
   411 | D:1      | Reached XP level 2. HP: 18/19 MP: 3/5
   512 | D:1      | Learned a level 1 spell: Animate Skeleton
  1618 | D:1      | Reached XP level 3. HP: 10/24 MP: 6/6
  1705 | D:1      | Learned a level 3 spell: Vampiric Draining
  1866 | D:2      | Found a stormy altar of Qazlal.
  2068 | D:2      | Reached skill level 5 in Necromancy
  2190 | D:2      | Noticed a black bear
  2525 | D:3      | Found a shattered altar of Ashenzari.
  2538 | D:3      | Became a worshipper of Ashenzari the Shackled
  2614 | D:3      | Reached XP level 4. HP: 18/30 MP: 8/8
  2635 | D:3      | Found a one-way gate to the infinite horrors of the Abyss.
  2635 | D:3      | Noticed Esekla's ghost (amateur HuAE)
  2635 | D:3      | Noticed a small abomination
  2644 | D:3      | Found a transporter.
  2676 | D:3      | Noticed a small abomination
  2721 | D:3      | Found a faded altar of an unknown god.
  2760 | D:3      | Reached skill level 3 in Spellcasting
  2765 | D:3      | Found a sacrificial altar of Ru.
  2914 | D:3      | Found a transporter.
  3011 | D:3      | Reached XP level 5. HP: 28/35 MP: 9/9
  3049 | D:3      | Learned a level 4 spell: Animate Dead
  3180 | D:2      | Killed a black bear
  3280 | D:4      | Reached XP level 6. HP: 34/41 MP: 11/11
  3325 | D:4      | Reached skill level 1 in Armour
  3375 | D:4      | Reached skill level 1 in Short Blades
  3375 | D:4      | Reached skill level 4 in Spellcasting
  3579 | D:4      | Noticed an ice beast
  3647 | D:4      | Killed an ice beast
  3647 | D:4      | Gained mutation: You are immune to rotting. [demonic
                  | ancestry]
  3647 | D:4      | Reached XP level 7. HP: 29/47 MP: 13/13
  3654 | D:4      | Learned a level 5 spell: Agony
  3832 | D:4      | Reached skill level 1 in Evocations
  4401 | D:5      | Entered Level 5 of the Dungeon
  4635 | D:6      | Reached * piety under Ashenzari
  5226 | D:5      | Reached skill level 1 in Fighting
  5375 | D:5      | Reached skill level 5 in Spellcasting
  5426 | D:5      | Got the uncursed ring mail of Pragmatism {*Corrode rC++
                  | Str+3}
  5437 | D:5      | Identified the +5 ring mail of Pragmatism {*Corrode rC++
                  | Str+3} (You found it on level 5 of the Dungeon)
  5785 | D:6      | Reached XP level 8. HP: 38/56 MP: 15/15
  5903 | D:6      | Found a staircase to the Ecumenical Temple.
  5945 | D:6      | Learned a level 2 spell: Blink
  6403 | D:6      | Found an opulent altar of Gozag.
  6493 | D:6      | Learned a level 3 spell: Mephitic Cloud
  6679 | D:7      | Noticed Joseph
  6918 | D:8      | Noticed a hippogriff
  6933 | D:8      | Killed a hippogriff
  6933 | D:8      | Reached skill level 6 in Spellcasting
  7211 | D:8      | Reached skill level 1 in Translocations
  7217 | D:8      | Gained mutation: You are partially covered in sharp spines.
                  | [demonic ancestry]
  7217 | D:8      | Reached XP level 9. HP: 50/64 MP: 18/18
  7275 | D:8      | Reached skill level 1 in Conjurations
  7486 | D:8      | Reached ** piety under Ashenzari
  7863 | D:9      | Reached skill level 1 in Poison Magic
  7893 | D:9      | Reached skill level 1 in Air Magic
  7923 | D:9      | Found a shimmering blue altar of Sif Muna.
  8107 | D:9      | Noticed Erica
  8149 | D:9      | Killed Erica
  8149 | D:9      | Reached skill level 5 in Dodging
  8149 | D:9      | Reached skill level 7 in Spellcasting
  8484 | D:10     | Entered Level 10 of the Dungeon
  8520 | D:10     | Found a portal to a secret trove of treasure.
  8978 | D:10     | Noticed a two-headed ogre
  8995 | D:10     | Killed a two-headed ogre
  8995 | D:10     | Reached skill level 5 in Fighting
  8995 | D:10     | Reached XP level 10. HP: 53/74 MP: 21/21
  9125 | D:11     | Noticed a cyclops
  9137 | D:11     | Noticed a two-headed ogre
  9533 | D:11     | Found a white marble altar of Elyvilon.
  9589 | D:11     | Reached skill level 8 in Spellcasting
  9628 | D:11     | Killed a cyclops
  9762 | D:11     | Killed a two-headed ogre
  9796 | D:11     | Reached skill level 5 in Short Blades
  9829 | D:11     | Noticed an archer statue
  9864 | D:11     | Found a staircase to the Lair.
  9884 | Lair:1   | Entered Level 1 of the Lair of Beasts
  9968 | Lair:1   | Learned a level 5 spell: Agony
  9970 | Lair:1   | Reached *** piety under Ashenzari
 10097 | Lair:1   | Noticed a spiny frog
 10106 | Lair:1   | Killed a spiny frog
 10106 | Lair:1   | Gained mutation: You are mostly covered in sharp spines.
                  | [demonic ancestry]
 10106 | Lair:1   | Reached XP level 11. HP: 61/81 MP: 18/23
 11033 | Lair:2   | Found a burning altar of Makhleb.
 11373 | Lair:2   | Reached skill level 9 in Spellcasting
 11851 | Lair:3   | Found a frozen archway.
 11871 | IceCv    | Entered an ice cave
 11884 | IceCv    | Slain by an alligator simulacrum

Levels and vault maps discovered:
D:1:      ebering_trefoil_twist, layout_loops_corners
D:2:      layout_loops_cross, nicolae_qazlal_general_emergency,
          lemuel_zombie_altar_kikubaaqudgha, lemuel_round_altar,
          kennysheep_generic_room_5
D:3:      minmay_wonky_spiral, layout_rooms, lemuel_doored_altar,
          nicolae_ru_awakened_eye, chequers_ecumenical_altar_grove,
          gammafunk_ghost_abyssal_escape, minmay_misc_feat_encased
D:4:      layout_layer_cave, first_ration
D:5:      layout_loops_ring
D:6:      layout_loops_ring, grunt_gozag_breadcrumbs,
          minmay_temple_entry_offerings, corexii_checkpoint_b
D:7:      layout_loops_ring, nicolae_overflow_hidden_temple,
          kb_xom_exploding_sheep, abandoned_shop, the_bakery, uniq_joseph
D:8:      layout_rooms
D:9:      layout_basic, nicolae_overflow_crystal_walls, uniq_erica
D:10:     layout_loops_ring, enter_trove_0
D:11:     layout_basic, david_lair_shrubbed, basic_altar, st_stairs_14,
          minmay_dual_archer_statues
Lair:1:   layout_hall_layers, minmay_hedge_maze, chequers_serial_rivers_micro_b
Lair:2:   layout_regular_city, basic_altar, infiniplex_staircase_pool_2,
          grunt_megastairs_5
Lair:3:   layout_concentric_octagons, nicolae_swamp_entry_splash_gauntlet,
          portal_ice_cave_entry_ice_beasts, uniq_urug
IceCv:    ice_cave_small_necro

Skill      XL: |  1  2  3  4  5  6  7  8  9 10 11 |
---------------+----------------------------------+-----
Stealth        | 2 3 |  3.4
Dodging        | 2 3 5 6 7 |  7.3
Necromancy     | 5 6 7 |  7.0
Spellcasting   | 3 4 5 6 7 8 9 |  9.4
Armour         | 1 2 3 4 |  4.7
Short Blades   | 1 2 3 4 5 |  5.6
Evocations     | 2 |  2.0
Fighting       | 1 3 5 6 7 |  7.0
Translocations | 1 2 |  2.1
Conjurations   | 1 2 |  2.8
Poison Magic   | 1 2 |  2.3
Air Magic      | 1 2 |  2.2
Long Blades    | |  0.7

Action                   |  1- 3 |  4- 6 |  7- 9 | 10-12 || total
-------------------------+-------+-------+-------+-------++-------
Melee: Dagger            |    45 |    30 |       |       ||    75
       Headbutt          |     1 |     8 |    87 |    50 ||   146
       Short sword       |       |    39 |   421 |   204 ||   664
       Scimitar          |       |       |       |    16 ||    16
 Cast: Pain              |    76 |    34 |    29 |    42 ||   181
       Animate Skeleton  |    13 |    10 |     2 |     3 ||    28
       Vampiric Draining |     5 |    11 |    25 |    17 ||    58
       Animate Dead      |       |       |    33 |    12 ||    45
       Blink             |       |       |    12 |     8 ||    20
       Mephitic Cloud    |       |       |    14 |    26 ||    40
       Agony             |       |       |     1 |       ||     1
Invok: Curse Item        |       |       |       |     1 ||     1
 Abil: Evoke Berserk Rag |       |     1 |     1 |       ||     2
Evoke: Wand              |       |     3 |     9 |     3 ||    15
  Use: Scroll            |     4 |       |     7 |     4 ||    15
       Potion            |       |     5 |     1 |     3 ||     9
 Stab: Sleeping          |     8 |     3 |     6 |     1 ||    18
       Distracted        |       |     2 |       |       ||     2
       Confused          |       |       |    11 |    18 ||    29
  Eat: Chunk             |     7 |     5 |     2 |     4 ||    18
       Ration            |       |       |     7 |     2 ||     9
Armor: Robe              |    17 |       |       |       ||    17
       Leather armour    |     5 |    43 |    40 |       ||    88
       Ring mail         |       |       |   177 |    85 ||   262
Dodge: Dodged            |    67 |    49 |   282 |   155 ||   553
       Rpst.: Scimitar   |       |       |       |     3 ||     3

Table legend:
 A = Non-vault XP
 B = Vault XP
 C = Vault XP percentage of total XP
 D = Non-vault monster count
 E = Vault monster count
 F = Vault count percentage of total count
                 A         B        C        D         E       F
            +---------+---------+-------+---------+---------+-------
      Total |   14962 |    2676 |  15.2 |     237 |      22 |   8.5
            +---------+---------+-------+---------+---------+-------
        D:1 |      48 |       0 |   0.0 |      29 |       0 |   0.0
        D:2 |     152 |       1 |   0.7 |      15 |       1 |   6.2
        D:3 |     118 |       3 |   2.5 |      17 |       3 |  15.0
        D:4 |     557 |       0 |   0.0 |      17 |       0 |   0.0
        D:5 |     474 |       0 |   0.0 |      22 |       0 |   0.0
        D:6 |     245 |       2 |   0.8 |      16 |       2 |  11.1
        D:7 |     476 |       0 |   0.0 |      14 |       0 |   0.0
        D:8 |    1306 |       0 |   0.0 |      24 |       0 |   0.0
        D:9 |     531 |     976 |  64.8 |      10 |       1 |   9.1
       D:10 |    2187 |       0 |   0.0 |      23 |       0 |   0.0
       D:11 |    2490 |     475 |  16.0 |      21 |       2 |   8.7
     Lair:1 |    2187 |       0 |   0.0 |       9 |       0 |   0.0
     Lair:2 |    3215 |     375 |  10.4 |      15 |       2 |  11.8
     Lair:3 |     976 |     724 |  42.6 |       5 |       8 |  61.5
      IceCv |       0 |     120 | 100.0 |       0 |       3 | 100.0
            +---------+---------+-------+---------+---------+-------
